 Dungeon Crawl Stone Soup version bcrawl-1.19.1 (webtiles) character file.

Game seed: 15040664814280904175

193 JackS81 the Cudgeler (level 6, 0/44 HPs)
             Began as a Human Archaeologist on Dec 3, 2019.
             Slain by an orc
             ... wielding a +0 dagger
              (1 damage)
             ... on level 3 of the Dungeon.
             The game lasted 00:06:26 (2612 turns).

JackS81 the Cudgeler (Human Archaeologist)          Turns: 2612, Time: 00:06:27

Health: 0/44       AC:  6    Str: 12    XL:     6   Next: 3%
Magic:  6/6        EV: 16    Int: 14    God:
Gold:   158        SH:  0    Dex: 17    Spells: 5/5 levels left

rFire    + . .     SeeInvis .   a - +0 whip
rCold    + . .     Gourm    .   (no shield)
rNeg     . . .     Faith    .   b - +1 robe
rPois    +         Spirit   .   c - +1 hat
rElec    +         Reflect  .   (no cloak)
rCorr    +         Harm     .   (no gloves)
MR       .....                  d - +1 pair of boots
Stlth    +++.......             (no amulet)
HPRegen  0.14/turn              k - +2 ring of evasion
MPRegen  0.10/turn              (no ring)

@: swift, resistant, flying, studying Crossbows, quick
A: thin skeletal structure 1, agile 1, mutation resistance 1
a: no special abilities


You were on level 3 of the Dungeon.
You were not hungry.

You visited 1 branch of the dungeon, and saw 3 of its levels.

You collected 158 gold pieces.

Inventory:

Hand Weapons
 a - a +0 whip (weapon)
Missiles
 r - 152 bolts
 x - 344 stones (quivered)
Armour
 b - a +1 robe (worn)
 c - a +1 hat (worn)
 d - a +1 pair of boots (worn)
Jewellery
 k - a +2 ring of evasion (left hand)
Wands
 w - a wand of acid (3)
Scrolls
 h - a scroll of amnesia {unknown}
 i - a scroll of identify {unknown}
 j - 2 scrolls of immolation {unknown}
 l - a scroll of teleportation {unknown}
 m - 3 scrolls of remove curse {unknown}
 n - a scroll of blinking {unknown}
 o - a scroll of magic mapping {unknown}
 p - a scroll of enchant armour {unknown}
 u - a scroll of enchant weapon {unknown}
Potions
 t - a potion of curing
 v - a potion of flight
Books
 e - a manual of Crossbows
Miscellaneous
 f - an ancient crate
Comestibles
 g - 2 rations {!d}


   Skills:
 + Level 1.9 Fighting
 + Level 4.9 Maces & Flails
 * Level 0.7 Crossbows
 + Level 4.2 Dodging
 - Level 3.6 Stealth


You had 5 spell levels left.
You didn't know any spells.
Your spell library was empty.

Dungeon Overview and Level Annotations

Branches:
Dungeon (3/12)

Altars:
Ashenzari
Wu Jian


Innate Abilities, Weirdness & Mutations

You have a somewhat thin skeletal structure. (Dex +2, Stealth)
You are agile. (Dex +2)
You are somewhat resistant to further mutation.


Message History

The orc priest is almost dead.
The orc barely misses you.
You barely miss the orc priest.
The orc priest is almost dead.
The orc priest closely misses you. The orc closely misses you.
You hit the orc priest but do no damage.
The orc priest is almost dead.
The orc priest hits you but does no damage.
The orc completely misses you.
You barely miss the orc priest.
The orc priest is almost dead.
You hit the orc priest.
You kill the orc priest!
You have reached level 6!
Your experience leads to an increase in your attributes!
Your base attributes are Str 12, Int 14, Dex 12.
Increase (S)trength, (I)ntelligence, or (D)exterity?
You feel agile. The orc hits you with a +0 dagger.
You die...

#################
####..oo.......)@o.#
.....#############.#
..o..# #.#
.###.#############.##
.###................#
.#........########..#
....>...<..# #..#
......##.#.# #..#
##.##.##.#.# #..#


You could see an orc.

Vanquished Creatures
  A crimson imp (D:3)
  An orc priest (D:3)
  Crazy Yiuf (D:2)
  An iguana (D:2)
  2 adders (D:2)
  An ooze (D:1)
  A worm (D:2)
  2 dart slugs
  2 leopard geckos
  An orc (D:3)
  2 giant cockroaches (D:2)
  7 goblins
  6 hobgoblins
  5 bats
  4 frilled lizards
  7 kobolds
  6 rats
50 creatures vanquished.

Notes
Turn   | Place    | Note
-------+----------+-------------------------------------------
     0 | D:1      | JackS81 the Human Archaeologist began the quest for the
                  | Orb.
     0 | D:1      | Reached XP level 1. HP: 15/15 MP: 1/1
   170 | D:1      | Reached XP level 2. HP: 13/21 MP: 2/2
   484 | D:1      | Reached XP level 3. HP: 23/26 MP: 3/3
  1018 | D:2      | Found an ornate altar of the Wu Jian Council.
  1090 | D:2      | Reached XP level 4. HP: 32/32 MP: 4/4
  1612 | D:2      | Found a runed door.
  1622 | D:2      | Noticed Crazy Yiuf
  1644 | D:2      | Killed Crazy Yiuf
  1644 | D:2      | Reached XP level 5. HP: 37/37 MP: 5/5
  2030 | D:3      | Found a shattered altar of Ashenzari.
  2134 | D:3      | Gained mutation: You are agile. (Dex +2) [potion of
                  | mutation]
  2134 | D:3      | Gained mutation: You have a somewhat thin skeletal
                  | structure. (Dex +2, Stealth) [potion of mutation]
  2134 | D:3      | Gained mutation: You are somewhat resistant to further
                  | mutation. [potion of mutation]
  2606 | D:3      | HP: 1/38 [orc priest/+0 falchion (7)]
  2612 | D:3      | Reached XP level 6. HP: 1/44 MP: 6/6
  2612 | D:3      | Slain by an orc

Skill      XL: |  1  2  3  4  5 |
---------------+----------------+-----
Maces & Flails | 2 3 4 |  4.9
Dodging        | 4 |  4.2
Fighting       | |  1.9
Crossbows      | |  0.7
Stealth        | |  3.6

Action                   |  1- 3 |  4- 6 || total
-------------------------+-------+-------++-------
Melee: Whip              |   128 |   194 ||   322
Throw: Stone             |       |     5 ||     5
Evoke: Wand              |       |     3 ||     3
  Use: Potion            |       |     9 ||     9
 Stab: Sleeping          |     4 |     3 ||     7
       Distracted        |     1 |       ||     1
  Eat: Chunk             |     1 |     3 ||     4
       Ration            |       |     1 ||     1
Armor: Robe              |    40 |    37 ||    77
       Skin              |       |     7 ||     7
Dodge: Dodged            |    84 |   107 ||   191
